 Dungeon Crawl Stone Soup version 0.31-a0-1074-g0b22e4e0f1 (webtiles) character file.

Game seed: 15798970590927534303

1586611 Forgeling the Petrodigitator (level 27, 185/185 HPs)
             Began as a Gargoyle Wanderer on Dec 6, 2023.
             Was the Champion of Ru.
             Escaped with the Orb
             ... and 3 runes on Dec 8, 2023!
             The game lasted 04:27:04 (83507 turns).

Forgeling the Petrodigitator (Gargoyle Wanderer)   Turns: 83507, Time: 04:27:04

Health: 185/185    AC: 34    Str: 17    XL:     27
Magic:  42/50      EV: 11    Int: 38    God:    Ru [******]
Gold:   5473       SH:  8    Dex:  6    Spells: 25/72 levels left

rFire   + . .        a - staff of earth
rCold   + + +        o - +3 warlock's mirror {omnireflect}
rNeg    + + +        h - +4 skin of Zhor {*Englaciate rC+++ SInv}
rPois   ∞            g - +2 hat of the Bear Spirit {Spirit, Bear, *Rage Will++}
rElec   +            n - scarf {rC+ rF+}
rCorr   +            j - +0 pair of gloves of Rotini {Int+3}
SInv    +            v - +2 pair of boots {Stlth+}
Will    ++++.        l - amulet of magic regeneration Stlth
                     m - +5 ring of evasion
HPRegen 0.50/turn    x - ring of Sikijaar {rN+++ rCorr Int+6 SInv Stlth-}
MPRegen 0.72/turn

%: random rage (20%), reflection, guardian spirit
@: flying
A: sickness immunity, AC +20, big wings, negative energy resistance 1,
electricity resistance, torment resistance 1, petrification resistance, no
stealth, inability to use devices, inability to train dodging, reduced EV 1,
disrupted magic 1, no forms
0: Orb of Zot
}: 3/15 runes: barnacled, silver, gossamer
a: Renounce Religion, Draw Out Power, Power Leap, Apocalypse


You escaped.
You worshipped Ru.
Ru was exalted by your worship.
You visited 11 branches of the dungeon, and saw 51 of its levels.
You visited 1 bazaar.
You also visited: Trove, Wizlab and Desolation.

You collected 9566 gold pieces.
You spent 4093 gold pieces at shops.

Inventory:

Hand Weapons
 b - a +5 trishula of holy wrath
 T - a +9 spectral demon trident
Missiles
 k - 38 silver javelins
 u - 9 throwing nets
 w - 25 javelins
 z - 7 curare-tipped darts
Armour
 c - the orb of Complete Protection {*channel, rElec Int+6 Slay-4 Stlth+}
   (You acquired it on level 15 of the Dungeon)

   Int+6:     It affects your intelligence (+6).
   Slay-4:    It affects your accuracy & damage with ranged weapons and melee
   (-4).
   rElec:     It insulates you from electricity.
   Stlth+:    It makes you more stealthy.
 g - the +2 hat of the Bear Spirit (worn) {Spirit, Bear, *Rage Will++}
   (You found it on level 1 of the Shoals)

   Bear:      Going berserk makes the wearer exceptionally tough, and they are
   slowed for a shorter time afterward.
   Will++:    It greatly increases your willpower.
   *Rage:     It berserks you when you make melee attacks (+20% chance).
 h - the +4 skin of Zhor (worn) {*Englaciate rC+++ SInv}
   (You took it off a vault sentinel on level 5 of the Vaults)

   *Englaciate: It radiates cold, occasionally slowing all nearby creatures who
   are not resistant to cold.
   rC+++:     It renders you almost immune to cold.
   SInv:      It lets you see invisible.
 j - the +0 pair of gloves of Rotini (worn) {Int+3}
   (You found it on level 1 of the Depths)

   Int+3:     It affects your intelligence (+3).
 n - a scarf of resistance (worn)
 o - the +3 warlock's mirror (worn) {omnireflect}
   (You found it in the Desolation of Salt)

   Omnireflect: It can block and reflect piercing ranged attacks and magical
   attacks against the wielder's willpower.
 v - a +2 pair of boots of stealth (worn)
Magical Staves
 a - a staff of earth (weapon)
Jewellery
 d - the amulet of Jystrafo {Regen+ Dex+3}
   (You took it off a deep elf demonologist on level 3 of the Elven Halls)

   [amulet of regeneration]

   Dex+3:     It affects your dexterity (+3).
   Regen+:    It increases your rate of health regeneration.
 f - the ring "Riukko" {Wiz Dex+3}
   (You acquired it on level 3 of the Spider Nest)

   [ring of wizardry]

   Wiz:       It improves your spell success rate.
   Dex+3:     It affects your dexterity (+3).
 i - a ring of wizardry
 l - an amulet of magic regeneration (around neck)
 m - a +5 ring of evasion (left hand)
 x - the ring of Sikijaar (right hand) {rN+++ rCorr Int+6 SInv Stlth-}
   (You found it on level 2 of the Vaults)

   [ring of intelligence]

   Int+6:     It affects your intelligence (+6).
   rN+++:     It renders you almost immune to negative energy.
   SInv:      It lets you see invisible.
   rCorr:     It protects you from acid and corrosion.
   Stlth-:    It makes you less stealthy.
Scrolls
 e - 10 scrolls of enchant armour
 q - 3 scrolls of torment
 r - a scroll of enchant weapon
 y - 3 scrolls of brand weapon
 D - 13 scrolls of blinking
 E - 12 scrolls of fear
 F - 6 scrolls of fog
 K - 8 scrolls of immolation
 L - 5 scrolls of amnesia
 O - 4 scrolls of silence
 P - 5 scrolls of poison
 S - 5 scrolls of summoning
 V - 8 scrolls of vulnerability
 X - 2 scrolls of revelation {@r4}
 Y - 14 scrolls of teleportation {@r3}
 Z - 34 scrolls of identify {@r1}
Potions
 A - 10 potions of attraction
 B - 3 potions of brilliance
 C - a potion of cancellation
 G - 6 potions of ambrosia
 H - 7 potions of haste
 I - 5 potions of invisibility
 J - 25 potions of curing {@q1}
 M - 11 potions of might
 N - 14 potions of heal wounds {@q2}
 Q - a potion of magic
 R - 5 potions of resistance
 U - 9 potions of mutation
 W - 5 potions of enlightenment


   Skills:
 + Level 22.3 Fighting
 - Level 14.0 Polearms
 - Level 10.0 Armour
 - Level 9.3 Shields
 + Level 23.4 Spellcasting
 + Level 18.8 Conjurations
 - Level 16.0 Summonings
 - Level 5.0 Translocations
 - Level 1.5 Transmutations
 - Level 2.0 Fire Magic
 O Level 27 Earth Magic
 - Level 20.0 Invocations


You had 25 spell levels left.
You knew the following spells:

 Your Spells              Type           Power      Damage    Failure   Level
a - Lehudib's Crystal Sp  Conj/Erth      72%        10d16     1%          8
c - Borgnjor's Vile Clut  Necr/Erth      60%        N/A       1%          5
d - Summon Hydra          Summ           52%        N/A       1%          7
l - Summon Guardian Gole  Hex/Summ       81%        N/A       1%          3
q - Summon Forest         Summ/Tloc      45%        N/A       1%          5
t - Shatter               Erth           77%        3d56*     1%          9
v - Lee's Rapid Deconstr  Erth           77%        3d34*     1%          5
y - Irradiate             Conj/Tmut      44%        3d26      1%          5

Your spell library contained the following spells:

 Spells                   Type           Power      Damage    Failure   Level
 Apportation              Tloc           100%       N/A       1%          1
 Foxfire                  Conj/Fire      100%       2x1d9     1%          1
 Kiss of Death            Conj/Necr      100%       2d13      1%          1
 Magic Dart               Conj           100%       1d8       1%          1
 Necrotise                Necr           100%       1d9       1%          1
 Sandblast                Erth           100%       2d20      1%          1
 Shock                    Conj/Air       100%       1d9       1%          1
 Slow                     Hex            100%       N/A       1%          1
 Sting                    Tmut/Pois      100%       1d8       1%          1
 Summon Small Mammal      Summ           100%       N/A       1%          1
 Blink                    Tloc           100%       N/A       1%          2
 Call Imp                 Summ           100%       N/A       1%          2
 Jinxbite                 Hex            88%        N/A       1%          2
 Lesser Beckoning         Tloc           100%       N/A       1%          2
 Momentum Strike          Conj/Tloc      100%       3d10      1%          2
 Passwall                 Tmut/Erth      100%       N/A       1%          2
 Poisonous Vapours        Pois/Air       88%        N/A       1%          2
 Scorch                   Fire           100%       2d9       1%          2
 Searing Ray              Conj           100%       2d8       1%          2
 Wereblood                Tmut           54%        N/A       1%          2
 Call Canine Familiar     Summ           100%       N/A       1%          3
 Dazzling Flash           Conj/Hex       100%       N/A       1%          3
 Gell's Gravitas          Tloc           70%        N/A       1%          3
 Mephitic Cloud           Conj/Pois/Air  75%        N/A       1%          3
 Stone Arrow              Conj/Erth      100%       3d13      1%          3
 Teleport Other           Tloc           70%        N/A       1%          3
 Volatile Blastmotes      Fire/Tloc      100%       2d18      1%          3
 Animate Armour           Summ/Erth      100%       N/A       1%          4
 Brom's Barrelling Bould  Conj/Erth      100%       2d11      1%          4
 Flame Wave               Conj/Fire      89%        2d19      1%          4
 Fulminant Prism          Conj/Hex       43%        3d19      1%          4
 Iskenderun's Mystic Bla  Conj/Tloc      94%        2d18      1%          4
 Leda's Liquefaction      Hex/Erth       60%        N/A       1%          4
 Manifold Assault         Tloc           70%        N/A       1%          4
 Petrify                  Tmut/Erth      100%       N/A       1%          4
 Sticky Flame             Conj/Fire      89%        2d10      1%          4
 Summon Lightning Spire   Summ/Air       81%        N/A       1%          4
 Arcjolt                  Conj/Air       43%        1d53      1%          5
 Summon Mana Viper        Hex/Summ       81%        N/A       1%          5
 Bombard                  Conj/Erth      72%        9d12      1%          6
 Summon Cactus Giant      Summ           52%        N/A       1%          6
 Monstrous Menagerie      Summ           52%        N/A       1%          7
 Orb of Destruction       Conj           56%        9d14      1%          7
 Spellforged Servitor     Conj/Summ      54%        N/A       1%          7
 Ignite Poison            Fire/Tmut/Pois 52%        N/A       2%          3
 Inner Flame              Hex/Fire       51%        N/A       2%          3
 Starburst                Conj/Fire      44%        6d12      2%          6
 Confusing Touch          Hex            44%        N/A       3%          3
 Ozocubu's Armour         Ice            44%        N/A       3%          3
 Sigil of Binding         Hex            44%        N/A       3%          3
 Swiftness                Air            44%        N/A       3%          3
 Tukima's Dance           Hex            44%        N/A       3%          3
 Vampiric Draining        Necr           44%        2d9       3%          3
 Dimensional Bullseye     Hex/Tloc       29%        N/A       4%          4
 Vhi's Electric Charge    Tloc/Air       100%       N/A       4%          4
 Summon Horrible Things   Summ           52%        N/A       9%          8
 Airstrike                Air            22%        2d(4-20)  10%         4
 Anguish                  Hex/Necr       22%        N/A       10%         4
 Animate Dead             Necr           44%        N/A       10%         4
 Cause Fear               Hex            22%        N/A       10%         4
 Dispel Undead            Necr           44%        3d17      10%         4
 Olgreb's Toxic Radiance  Pois           44%        N/A       10%         4
 Malign Gateway           Summ/Tloc      45%        N/A       11%         7
 Alistair's Intoxication  Tmut/Pois      33%        N/A       17%         5
 Agony                    Necr           44%        N/A       24%         5
 Metabolic Englaciation   Hex/Ice        22%        N/A       24%         5
 Haunt                    Necr/Summ      40%        N/A       26%         7
 Plasma Beam              Fire/Air       25%        2x1d38    61%         6
 Eringya's Noxious Bog    Tmut/Pois      25%        4d6       65%         6
 Dragon's Call            Summ           52%        N/A       73%         9
 Death Channel            Necr           22%        N/A       75%         6
 Simulacrum               Ice/Necr       22%        N/A       75%         6
 Enfeeble                 Hex            22%        N/A       99%         7
 Ozocubu's Refrigeration  Ice            22%        4d12      99%         7
 Disjunction              Tloc           35%        N/A       99%         8
 Discord                  Hex            22%        N/A       100%        8
 Ignition                 Fire           28%        3d9       100%        8
 Infestation              Necr           22%        N/A       100%        8
 Maxwell's Capacitive Co  Air            22%        ∞         100%        8
 Chain Lightning          Conj/Air       43%        3d57      100%        9
 Fire Storm               Conj/Fire      44%        8d11      100%        9
 Cigotuvi's Dreadful Rot  Necr/Pois/Air  Unusable   N/A       N/A         2
 Sublimation of Blood     Necr           Unusable   N/A       N/A         2

Dungeon Overview and Level Annotations

Branches:
Dungeon (15/15)            Temple (0/1) D:4            Lair (5/5) D:11
 Shoals (4/4) Lair:2       Spider (4/4) Lair:3        Slime (0/5) Lair:4
    Orc (2/2) D:9             Elf (3/3) Orc:2        Vaults (5/5) D:14
  Crypt (3/3) Vaults:2       Tomb (1/3) Crypt:3      Depths (4/4) D:15
    Zot (5/5) Depths:4     WizLab (visited)         Desolation (visited)

Altars:
Ashenzari
Cheibriados
Dithmenos
Elyvilon
Fedhas
Gozag
Hepliaklqana
Makhleb
Okawaru
Ru
Sif Muna
Trog
Uskayaw
Wu Jian
Xom
Yredelemnul
Zin
The Shining One
Jiyva
Lugonu

Shops:
D:2 :   D:6 ?   D:13 [   Orc:2 ?*=[   Elf:1 **[([   Elf:2 *   Elf:3 [
Shoals:1 *   Shoals:2 (   Vaults:2 *[   Vaults:3 (   Vaults:4 :   Depths:3 (

Portals:
Hell: Depths:1 Depths:2 Depths:3 Depths:4
Abyss: Lair:5 Depths:1 Depths:2 Depths:3
Pandemonium: Orc:2 Depths:1 Depths:2
Ziggurat: Depths:2

Annotations:
Zot:2 1 runed translucent door, Deah Kuhairgh's ghost, legendary GnIE


Innate Abilities, Weirdness & Mutations

You are immune to sickness and miasma.
Your stone body is resilient. (AC +20)
You are immune to poison.
Your large and strong wings let you fly.
You resist negative energy. (rN+)
You are resistant to electric shocks. (rElec)
You are resistant to unholy torment.
You are immune to petrification.
You cannot be stealthy.
You cannot study or use magical devices.
You cannot train Dodging skill.
You have somewhat slow reflexes. (EV -5)
Your casting is slightly disrupted.
You cannot voluntarily change form.


Message History

A ynoxinul comes into view.
There is a stone staircase leading down here.
Unknown command.
The ynoxinul gestures at you.
Your +3 warlock's mirror {omnireflect} blocks the iron shot... and reflects it back!
The iron shot hits the ynoxinul!!
You kill the ynoxinul!
An Asatuty, a lich and a large abomination come into view.
You radiate an aura of cold.
The lich is unaffected.
Asatuty resists.
The large abomination seems to slow down.
The lich shouts!
Press: ? - help, v - describe, . - travel
Here: Asatuty The floor.
Casting: Shatter (dangerous; 1% risk of failure)
Confirm with . or Enter, or press ? or * to list all spells.
You feel a surge of power!
The dungeon rumbles!
You destroy the large abomination!
The lich is almost destroyed.
Asatuty is moderately wounded.
Ka-crash!
Casting: Shatter (dangerous; 1% risk of failure)
Confirm with . or Enter, or press ? or * to list all spells.
You feel a surge of power!
The dungeon rumbles!
Asatuty is almost dead.
You destroy the lich!
Ka-crash!
Casting: Shatter (dangerous; 1% risk of failure)
Confirm with . or Enter, or press ? or * to list all spells.
You feel a surge of power!
The dungeon rumbles!
You kill Asatuty!
Ka-crash!
There is a large open door here.
There is a large open door here.
There is a fountain of clear blue water here.
There is a staircase leading out of the dungeon here.
You have escaped!

....#..#..##...# #.####.#.# #
#.#.#..........# #.# ##.#.#######
.##.#..........###.###...........
......>................##.#######
..#.#..#.#.........#...##.# #
...........#.........#.##.# #
.##....#.#.##..#+#..##.#..#
.##....#.#..####⌠####..#..#######
.##......#8..''⌠@⌠++..8..........
....#....#..####⌠####.....######.
....#......##..#+#..##....# #.
....#..#...#.........#...## #.
...................#.....#######.
....#..#........#..##............
.#..#..##..##.#.#.###..).........
...........##.#.#.#......###..##.
................#.#.#....# #..##.


There were no monsters in sight!

Vanquished Creatures
  3 dread liches
  Khufu (Crypt:1)
  A pandemonium lord (D:1)
  5 ancient liches
  Mara (Depths:1)
  11 orbs of fire
  A juggernaut (Depths:4)
  Sojobo (Depths:1)
  Josephina (Crypt:1)
  21 royal mummies
  2 Killer Klowns (Zot:5)
  3 curse toes
  11 golden dragons
  6 bone dragons
  A profane servitor (Crypt:3)
  An electric golem (Zot:5)
  A walking crystal tome (Depths:3)
  25 Orb Guardians
  Mlioglotl (Shoals:1)
  6 liches
  10 tentacled monstrosities
  A deep elf blademaster (Elf:2)
  9 titans (Vaults:5)
  A walking divine tome (Depths:2)
  9 ancient champions
  4 quicksilver dragons
  10 sphinxes
  A kraken (Shoals:1)
  8 shadow dragons
  12 death cobs
  Roxanne (D:15)
  5 draconian knights
  10 storm dragons
  A draconian monk (Zot:2)
  10 revenants
  11 tengu reavers
  7 emperor scorpions
  5 deep elf sorcerers
  Ilsuiw (Shoals:2)
  A spectral caustic shrike (WizLab)
  4 iron dragons
  11 fire giants
  5 ghost moths
  9 frost giants
  16 vault wardens
  3 angels
  2 draconian scorchers
  3 curse skulls
  8 deep elf elementalists
  An imperial myrmidon (Desolation)
  2 draconian shifters
  A broodmother (Spider:1)
  13 ironbound preservers
  2 broodmothers (shapeshifter)
  3 caustic shrike zombies
  Louise (Depths:2)
  An orc warlord (Vaults:3)
  A caustic shrike skeleton (Crypt:2)
  8 ghouls
  A draconian stormcaller (Zot:2)
  The ghost of BigPumpCobain the Brawler, a journeyman TrSh of Trog (Lair:4)
  9 draconian annihilators
  12 very ugly things
  2 war gargoyles
  15 stone giants
  2 formless jellyfish
  A juggernaut skeleton (Depths:3)
  4 green draconians
  6 ironbound thunderhulks
  6 vampire knights
  3 deep elf demonologists (Elf:3)
  An elemental wellspring (Depths:1)
  10 white draconians
  2 spark wasps (Spider:4)
  8 bennus
  2 deep elf annihilators (Elf:3)
  6 black draconians
  10 halazid warlocks
  A spectral titan (WizLab)
  8 purple draconians
  2 eleionomae (Depths:1)
  11 red draconians
  7 dire elephants
  2 spectral hellephants (Crypt:1)
  6 yellow draconians
  11 deep elf death magi
  2 crystal guardians
  2 spectral elves (Crypt:1)
  8 eidola
  4 fire dragons
  8 merfolk javelineers
  7 merfolk impalers
  12 ettins
  A pearl dragon skeleton (Crypt:2)
  5 mummy priests
  A quicksilver dragon skeleton (Tomb:1)
  6 jiangshi
  A quicksilver dragon zombie (WizLab)
  4 entropy weavers
  7 ragged hierophants (Desolation)
  6 deep elf high priests
  12 yaktaur captains
  12 ice dragons
  9 great orbs of eyes
  2 spriggan air magi
  2 salamander tyrants (Depths:1)
  9 servants of whispers (Desolation)
  A spectral shadow dragon (Crypt:1)
  An alligator snapping turtle (Shoals:3)
  A sphinx zombie (Vaults:3)
  A hell beast (Depths:1)
  2 ogre magi
  26 vault guards (Vaults:5)
  Erica (D:11)
  A demonspawn (Orc:2)
  2 jorogumos
  2 ironbound frosthearts
  4 hydras
  3 radroaches
  An anaconda (shapeshifter) (Vaults:2)
  3 satyrs
  3 death yaks
  8 peacekeepers
  An alligator (shapeshifter) (Vaults:2)
  A jorogumo (shapeshifter) (Vaults:4)
  11 centaur warriors
  4 death knights
  27 dancing weapons
  8 death scarabs (Tomb:1)
  5 deep troll shamans
  10 merfolk aquamancers
  9 boulder beetles
  2 tengu warriors
  A fenstrider witch skeleton (Crypt:2)
  A sphinx skeleton (Crypt:2)
  An occultist (Depths:2)
  5 spriggan berserkers
  18 deep troll earth magi
  A titan zombie (Crypt:3)
  3 vampire magi
  2 sun demons (Zot:5)
  7 demonic crawlers
  2 orc high priests (Orc:2)
  A thrashing horror (Lair:5)
  15 deep elf knights
  15 hell knights
  3 shadow wraiths
  2 spectral spark wasps (WizLab)
  4 pharaoh ants
  A skyshark (Shoals:1)
  4 sea snakes
  41 skeletal warriors
  2 cherubim (Shoals:4)
  10 iron trolls
  2 spriggan druids (Depths:1)
  4 flayed ghosts
  A bunyip zombie (Crypt:1)
  2 large abominations
  3 glowing orange brains
  A swamp dragon (shapeshifter) (Vaults:2)
  2 sea snakes (shapeshifter)
  48 deep trolls
  2 orb spiders
  27 phantasmal warriors
  18 ironbound convokers
  A death drake (shapeshifter) (Vaults:5)
  An anaconda skeleton (Crypt:2)
  3 deep elf archers
  4 steelbarb worms
  2 spriggan simulacra
  24 deep elf pyromancers
  3 arcanists
  21 harpies
  10 necromancers
  4 lindwurms
  5 orc knights
  31 deep elf zephyrmancers
  2 orc sorcerers
  An iron dragon zombie (Crypt:3)
  An alligator zombie (Crypt:2)
  A wolf spider zombie (WizLab)
  27 ugly things
  A tengu skeleton (Depths:3)
  3 fauns
  A fire giant zombie (Depths:3)
  A frost giant zombie (Vaults:3)
  35 moths of wrath
  13 wolf spiders
  3 cyclopes
  8 manticores
  3 elephants
  A naga zombie (Crypt:3)
  2 guardian serpents (Desolation)
  An iron dragon skeleton (Crypt:1)
  3 merfolk sirens
  An elf zombie (Vaults:2)
  A shock serpent zombie (Crypt:2)
  21 vault sentinels
  3 water nymphs
  A toenail golem (D:4)
  A centaur zombie (Crypt:3)
  A goliath frog skeleton (Crypt:1)
  5 torpor snails
  A water nymph (shapeshifter) (Vaults:2)
  A fire giant skeleton (Depths:1)
  3 black mambas
  A molten gargoyle (Desolation)
  A smoke demon (Lair:5)
  2 gargoyles
  2 dire elephant zombies (Crypt:3)
  9 cane toads
  A centaur skeleton (Tomb:1)
  A rime drake (Lair:5)
  An efreet (Zot:1)
  A kobold demonologist (D:12)
  A spark wasp simulacrum (Depths:1)
  23 yaktaurs
  An unseen horror zombie (Crypt:1)
  8 komodo dragons
  A tengu conjurer (D:15)
  An ice devil (Orc:2)
  12 freezing wraiths
  3 dryads (Depths:1)
  A redback zombie (Crypt:1)
  A yaktaur skeleton (Vaults:2)
  A harpy zombie (Crypt:3)
  10 guardian mummies
  13 merfolk
  3 meliai
  A hydra zombie (Crypt:3)
  25 nameless horrors
  2 wind drakes
  62 saltlings (Desolation)
  12 tarantellas
  A hornet (D:9)
  2 hydra skeletons (Crypt:2)
  10 blink frogs
  2 harpy skeletons (Crypt:2)
  A snapping turtle (shapeshifter) (Vaults:5)
  4 dream sheep
  3 snapping turtles
  2 tarantellas (shapeshifter)
  2 trolls
  A death drake skeleton (Crypt:2)
  A stone giant simulacrum (Vaults:3)
  3 glass eyes
  3 raiju (Lair:5)
  6 spriggan zombies
  18 flying skulls
  A fire dragon skeleton (Crypt:1)
  11 jumping spiders
  A black mamba zombie (Crypt:2)
  A guardian serpent skeleton (Crypt:2)
  2 air elementals
  4 ushabtiu
  2 ettin zombies
  7 slime creatures
  3 small abominations (Lair:5)
  A spriggan (shapeshifter) (Vaults:4)
  2 shadows (D:10)
  A shapeshifter (Elf:1)
  An ettin skeleton (Tomb:1)
  A spriggan skeleton (Depths:1)
  10 culicivoras
  22 water elementals
  8 wraiths
  2 ynoxinuls
  A chaos spawn (Lair:5)
  21 yaks
  2 basilisks
  A hog (Elf:1)
  2 fire elementals
  37 redbacks
  A deep troll zombie (Crypt:2)
  A hydra simulacrum (Crypt:1)
  2 wargs
  A harpy simulacrum (Crypt:1)
  A swamp worm (shapeshifter) (Elf:3)
  6 water moccasins
  2 glowing shapeshifter zombies
  An acid dragon (D:6)
  2 human skeletons (Vaults:2)
  16 orc warriors
  A glowing shapeshifter skeleton (Depths:1)
  4 ogres
  An ice beast (shapeshifter) (D:13)
  A black bear (D:4)
  4 boggarts
  An ettin simulacrum (Crypt:1)
  11 wolves
  A centaur (D:7)
  A blink frog skeleton (Crypt:1)
  A phantom (Crypt:3)
  A kobold brigand (D:7)
  15 necrophages
  4 scorpions
  3 earth elementals
  5 bullfrogs
  4 wights
  A queen bee zombie (Crypt:1)
  9 wyvern skeletons (Crypt:3)
  A yak zombie (Crypt:2)
  A troll zombie (D:9)
  A killer bee (shapeshifter) (Vaults:5)
  2 killer bees
  5 howler monkeys
  A hound (D:6)
  10 orc priests
  3 gnoll boudas
  5 orc wizards
  2 ogre zombies (D:9)
  A deep dwarf skeleton (Crypt:1)
  36 mummies
  6 gnolls
  7 adders
  A shadow imp (D:5)
  A white imp (D:6)
  An ufetubus (D:6)
  2 worms
  2 dart slugs
  33 orcs
  5 endoplasms
  A giant cockroach (D:4)
  8 goblins
  6 hobgoblins
  5 jackals (D:4)
  3 quokkas
  4 ball pythons
  4 bats
  6 frilled lizards
  11 kobolds
  6 orc skeletons (D:9)
  4 orc zombies (D:9)
  7 rats
1920 creatures vanquished.

Vanquished Creatures (collateral kills)
  A curse toe (Zot:2)
  Jorgrun (Spider:1)
  Polyphemus (Shoals:2)
  A deep elf master archer (Elf:3)
  Gastronok (D:11)
  The ghost of Onluw the Peltast, an adept DsWn of Cheibriados (Shoals:1)
  Kirke (Elf:1)
  2 storm dragons
  Aizul (Shoals:2)
  3 deep elf sorcerers (Elf:3)
  A vault warden (Vaults:4)
  An imperial myrmidon (Desolation)
  An orc warlord (Vaults:4)
  A deep elf elementalist (Elf:3)
  2 ironbound thunderhulks
  5 ironbound preservers
  2 war gargoyles
  A draconian stormcaller (Zot:2)
  Nessos (Lair:4)
  A vampire knight (Depths:1)
  4 deep elf demonologists (Elf:3)
  An apis (Shoals:4)
  A formless jellyfish (Vaults:4)
  A green draconian (Zot:2)
  4 spark wasps
  6 deep elf annihilators (Elf:3)
  An ettin (D:15)
  The ghost of Rudyous the Destroyer, a journeyman DgFE (Lair:3)
  3 merfolk javelineers (Shoals:4)
  5 yaktaur captains
  5 merfolk impalers
  3 entropy weavers
  4 ragged hierophants (Desolation)
  A hydra (Lair:2)
  2 great orbs of eyes (Vaults:4)
  2 peacekeepers
  5 servants of whispers (Desolation)
  A jorogumo (Spider:3)
  A rakshasa (D:14)
  2 demonspawn (Orc:2)
  3 centaur warriors
  A catoblepas (Shoals:2)
  A satyr (Shoals:4)
  2 radroaches
  A merfolk avatar (Shoals:2)
  An alligator snapping turtle (Shoals:3)
  8 dancing weapons
  A two-headed ogre (D:11)
  6 boulder beetles
  4 merfolk aquamancers
  5 nameless horrors
  4 death yaks
  A deep troll shaman (Depths:2)
  Urug (D:11)
  A thrashing horror (Lair:5)
  3 demonic crawlers
  5 orc high priests (Orc:2)
  A hell knight (D:15)
  7 skysharks
  A deep elf knight (Elf:2)
  2 sun demons (Shoals:3)
  Amaemon (Lair:2)
  An iron troll (Depths:2)
  A pharaoh ant (Spider:4)
  3 skeletal warriors (D:14)
  A sun moth (Spider:1)
  A cherub (Shoals:4)
  7 deep trolls
  3 sea snakes
  A glowing orange brain (Lair:3)
  7 orb spiders
  3 arcanists
  4 deep elf archers
  2 phantasmal warriors (D:15)
  6 steelbarb worms
  4 ironbound convokers
  4 deep elf zephyrmancers
  6 harpies
  A necromancer (Vaults:3)
  3 orc knights (Orc:2)
  6 wolf spiders
  A lindwurm (Vaults:4)
  2 ugly things
  An oklob plant (D:11)
  3 deep elf pyromancers
  2 moths of wrath
  Maurice (D:9)
  9 fauns
  5 manticores
  5 orc sorcerers
  5 cyclopes
  3 elephants
  6 merfolk sirens
  A large abomination (Lair:5)
  A water nymph (Shoals:3)
  A vault sentinel (Vaults:3)
  A black mamba (Lair:4)
  2 torpor snails
  A gargoyle (D:11)
  6 orange demons
  5 cane toads
  A smoke demon (Lair:5)
  A kobold demonologist (D:9)
  3 komodo dragons
  Maggie (D:8)
  An efreet (D:14)
  7 yaktaurs
  3 rime drakes
  A tengu conjurer (D:15)
  A red devil (D:12)
  18 merfolk
  3 wind drakes
  2 trolls
  A polar bear (Lair:2)
  9 tarantellas
  A tarantella (shapeshifter) (D:14)
  8 blink frogs
  12 dream sheep
  9 saltlings (Desolation)
  10 slime creatures
  5 snapping turtles
  12 jumping spiders
  A ynoxinul (Lair:5)
  A shadow (D:9)
  9 culicivoras
  2 vampires
  2 wyverns
  A wraith (D:9)
  36 yaks
  8 water elementals
  4 basilisks
  A neqoxec (Orc:2)
  Grum (D:10)
  A fire elemental (Elf:2)
  A chaos spawn (Orc:2)
  21 redbacks
  5 vampire mosquitoes
  12 orc warriors
  10 water moccasins
  An ice beast (D:6)
  A sky beast (D:7)
  4 boggarts
  A centaur (D:8)
  11 wolves
  5 ogres
  2 phantoms
  2 kobold brigands
  5 bullfrogs
  3 small abominations (Lair:5)
  2 scorpions
  6 wights
  5 killer bees
  A troll zombie (D:9)
  2 howler monkeys
  3 electric eels
  2 jellies (Lair:3)
  11 orc priests
  Crazy Yiuf (D:7)
  A hound (D:7)
  An iguana (D:5)
  A sleepcap (D:7)
  8 orc wizards
  2 ogre zombies (D:9)
  4 gnolls (Orc:2)
  A white imp (D:7)
  An ufetubus (D:6)
  A worm (D:4)
  28 orcs
  A jackal (D:4)
  8 kobolds
  2 gnoll skeletons (D:9)
  A gnoll zombie (D:9)
  6 orc zombies (D:9)
  2 tentacles (Shoals:1)
628 creatures vanquished.

Vanquished Creatures (others)
  An electric golem (Zot:5)
  An Orb Guardian (Zot:5)
  A tentacled monstrosity (Zot:1)
  A quicksilver dragon (Zot:1)
  A sphinx (Depths:3)
  A draconian monk (Zot:1)
  A shadow dragon (Zot:1)
  A fire giant (Depths:2)
  2 draconian scorchers
  An imperial myrmidon (Desolation)
  A draconian stormcaller (Zot:1)
  A draconian annihilator (Zot:1)
  A green draconian (Zot:1)
  An eidolon (Crypt:2)
  A jiangshi (Crypt:2)
  2 yaktaur captains
  An ice dragon (Depths:2)
  A catoblepas (Lair:3)
  A tengu warrior (Depths:3)
  A death yak (Lair:2)
  2 death scarabs (Tomb:1)
  A deep elf knight (Elf:2)
  A skeletal warrior (Crypt:3)
  An ironbound convoker (Vaults:4)
  An orc knight (Orc:2)
  2 wolf spiders
  A lindwurm (Vaults:2)
  A deep elf zephyrmancer (Elf:2)
  A salamander (Depths:1)
  A cyclops (D:11)
  An elephant (Lair:5)
  2 moths of wrath (Zot:1)
  An orange demon (D:12)
  A vault sentinel (Vaults:5)
  2 cane toads
  A gargoyle (D:12)
  Jeremiah (D:7)
  2 yaktaurs
  A freezing wraith (Vaults:5)
  3 saltlings (Desolation)
  A dream sheep (Lair:3)
  A flying skull (WizLab)
  A slime creature (D:12)
  7 yaks
  A water elemental (Depths:4)
  A fire elemental (Elf:1)
  A steam dragon (D:6)
  Menkaure (D:5)
  An acid dragon (D:8)
  An ice beast (D:7)
  An orc warrior (Orc:2)
  2 ogres (D:5)
  2 centaurs
  2 wights (D:6)
  4 killer bees
  A howler monkey (D:8)
  An orc priest (Orc:2)
  2 orc wizards
  A gnoll (Orc:2)
  A white imp (D:6)
  An orc (Orc:1)
  2 kobolds (D:8)
  203 foxfires
  18 snaplasher vines
  52 spectral weapons
  2 starspawn tentacles (Shoals:1)
  17 tentacles (Shoals:1)
377 creatures vanquished.

Grand Total: 2925 creatures vanquished

Notes
Turn   | Place    | Note
-------+----------+-------------------------------------------
     0 | D:1      | Forgeling the Gargoyle Wanderer began the quest for the
                  | Orb.
     0 | D:1      | Forgeling set off with the following items: a +0 club, a +0
                  | robe, a +0 cloak, a scroll of summoning; and the following
                  | spells available to memorise: Foxfire, Sting, Passwall,
                  | Ignite Poison, Petrify.
     0 | D:1      | Reached XP level 1. HP: 12/12 MP: 3/3
     2 | D:1      | Learned a level 1 spell: Foxfire
     4 | D:1      | Learned a level 1 spell: Sting
   284 | D:1      | Reached XP level 2. HP: 16/16 MP: 3/5
  1174 | D:2      | Reached XP level 3. HP: 20/20 MP: 4/7
  1270 | D:2      | Found Imei's Book Emporium.
  1319 | D:2      | Learned a level 3 spell: Call Canine Familiar
  1485 | D:1      | Reached skill level 1 in Summonings
  1703 | D:2      | Reached XP level 4. HP: 25/25 MP: 3/8
  2005 | D:3      | Found a shadowy altar of Dithmenos.
  2005 | D:3      | Found a burning altar of Makhleb.
  2332 | D:3      | Identified the +0 mace "Datajey" {flame, Will+}
  2775 | D:3      | Found a faded altar of an unknown god.
  3257 | D:4      | Noticed a scorpion
  3265 | D:4      | Killed a scorpion
  3266 | D:4      | Reached XP level 5. HP: 22/29 MP: 0/9
  3454 | D:4      | You fall into a shaft and drop 2 floors!
  3460 | D:6      | Noticed a +0 hand axe
  3460 | D:6      | Noticed a +0 hand axe
  3494 | D:6      | Noticed an acid dragon
  3515 | D:6      | Reached XP level 6. HP: 32/34 MP: 7/10
  3520 | D:6      | Found a hide-covered altar of Uskayaw.
  3555 | D:6      | Found a sacrificial altar of Ru.
  3592 | D:6      | Became a worshipper of Ru the Awakened
  3787 | D:5      | Entered Level 5 of the Dungeon
  3907 | D:5      | Learned a level 3 spell: Summon Guardian Golem
  4184 | D:4      | Noticed a black bear
  4193 | D:4      | Killed a black bear
  4194 | D:4      | Reached skill level 5 in Summonings
  4194 | D:4      | Reached XP level 7. HP: 31/38 MP: 10/13
  4231 | D:4      | Found a shimmering altar of Xom.
  4517 | D:4      | Found a staircase to the Ecumenical Temple.
  4523 | D:4      | Gained mutation: You cannot study or use magical devices.
                  | [Ru sacrifice]
  4523 | D:4      | Reached * piety under Ru
  4523 | D:4      | Reached ** piety under Ru
  5194 | D:5      | Noticed Menkaure
  5209 | D:5      | Killed Menkaure
  5210 | D:5      | Reached XP level 8. HP: 43/43 MP: 10/14
  5256 | D:5      | Found a snail-covered altar of Cheibriados.
  5554 | D:6      | Found an ornate altar of the Wu Jian Council.
  5591 | D:6      | Found Oschuv Mimips's Magic Scroll Emporium.
  5700 | D:6      | Found a blossoming altar of Fedhas.
  5804 | D:6      | Reached skill level 5 in Spellcasting
  5915 | D:6      | Reached skill level 5 in Fighting
  5915 | D:6      | Reached XP level 9. HP: 54/54 MP: 10/16
  6409 | D:7      | Found a broken altar of Ashenzari.
  6586 | D:7      | Found a bloodstained altar of Trog.
  6878 | D:7      | Noticed Jeremiah
  6898 | D:7      | Killed Jeremiah
  6901 | D:7      | Found a runed translucent door.
  6901 | D:7      | Noticed Crazy Yiuf
  6907 | D:7      | Killed Crazy Yiuf
  7371 | D:8      | Found a hazy altar of Hepliaklqana.
  7735 | D:8      | Reached XP level 10. HP: 51/63 MP: 17/22
  7929 | D:8      | Noticed Maggie
  7946 | D:8      | Killed Maggie
  8399 | D:8      | Found an iron altar of Okawaru.
  8762 | D:6      | Bought a scroll of teleportation for 39 gold pieces
  8920 | D:9      | Noticed Maurice
  8930 | D:9      | Maurice stole a staff of fire
  8937 | D:9      | Killed Maurice
  8976 | D:9      | Gained mutation: You cannot train Dodging skill. [Ru
                  | sacrifice]
  8976 | D:9      | Reached *** piety under Ru
  9180 | D:9      | Found a sacrificial altar of Ru.
  9305 | D:9      | Found a staircase to the Orcish Mines.
  9407 | D:9      | Found a shimmering blue altar of Sif Muna.
  9672 | D:9      | Noticed a kobold demonologist
  9681 | D:9      | Killed a kobold demonologist
  9860 | D:9      | Found a shimmering blue altar of Sif Muna.
  9896 | D:9      | Reached XP level 11. HP: 62/68 MP: 19/24
  9987 | D:9      | Reached skill level 10 in Spellcasting
  9987 | D:9      | Reached skill level 10 in Summonings
 10425 | D:10     | Entered Level 10 of the Dungeon
 10651 | D:10     | Found an opulent altar of Gozag.
 11134 | D:10     | Noticed Grum
 11236 | D:10     | Killed Grum
 11386 | D:11     | Reached skill level 5 in Invocations
 11429 | D:11     | Noticed a cyclops
 11446 | D:11     | Killed a cyclops
 11571 | D:11     | Noticed a two-headed ogre
 11578 | D:11     | Killed a two-headed ogre
 11654 | D:11     | Noticed a centaur warrior
 11670 | D:11     | Killed a centaur warrior
 11920 | D:2      | Bought a Fen Folio for 504 gold pieces
 11926 | D:2      | Learned a level 5 spell: Summon Forest
 12086 | D:11     | Noticed Erica
 12097 | D:11     | Killed Erica
 12175 | D:11     | Found a staircase to the Lair.
 12179 | D:11     | Noticed an oklob plant
 12179 | D:11     | Noticed Urug
 12338 | D:11     | Noticed a red ugly thing
 12365 | D:11     | Killed a red ugly thing
 12374 | D:11     | Reached XP level 12. HP: 70/75 MP: 13/26
 12655 | D:11     | Noticed Gastronok
 12825 | D:11     | Gained mutation: Your casting is slightly disrupted. [Ru
                  | sacrifice]
 12825 | D:11     | Reached **** piety under Ru
 12825 | D:11     | Reached ***** piety under Ru
 12888 | D:12     | Reached skill level 5 in Translocations
 13612 | D:12     | Noticed a boulder beetle
 13621 | D:12     | Killed a boulder beetle
 13932 | D:11     | Killed Urug
 13947 | D:11     | Killed Gastronok
 14055 | Lair:1   | Entered Level 1 of the Lair of Beasts
 14916 | Lair:2   | Reached XP level 13. HP: 80/80 MP: 19/27
 14966 | Lair:2   | Found a staircase to the Shoals.
 15548 | Lair:2   | Reached skill level 10 in Invocations
 15999 | Lair:3   | Noticed Amaemon
 16020 | Lair:2   | Killed Amaemon
 16289 | Lair:3   | Found a runed translucent gate.
 16289 | Lair:3   | Found a runed translucent gate.
 16313 | Lair:3   | Found a runed translucent gate.
 16316 | Lair:3   | Noticed Rudyous's ghost (journeyman DgFE)
 16347 | Lair:3   | Reached skill level 1 in Polearms
 16769 | Lair:3   | Found a hole to the Spider Nest.
 17284 | Lair:3   | Found a viscous altar of Jiyva.
 17345 | Lair:4   | Gained mutation: Your large and strong wings let you fly.
                  | [Gargoyle growth]
 17345 | Lair:4   | Reached XP level 14. HP: 84/84 MP: 18/29
 17431 | Lair:4   | Found a transporter.
 17443 | Lair:4   | Noticed BigPumpCobain's ghost (journeyman TrSh)
 17457 | Lair:4   | Found a transporter.
 17483 | Lair:4   | Noticed Nessos
 17494 | Lair:4   | Learned a level 7 spell: Summon Hydra
 17668 | Lair:4   | Killed Nessos
 17843 | Lair:4   | Found a staircase to the Slime Pits.
 18067 | Lair:4   | Found a viscous altar of Jiyva.
 18094 | Lair:5   | Entered Level 5 of the Lair of Beasts
 18548 | Lair:5   | Identified the +11 trident of Deejej {venom, rCorr Dex+2}
 19339 | Lair:5   | Reached skill level 15 in Summonings
 19490 | Lair:5   | Found a corrupted altar of Lugonu.
 19490 | Lair:5   | Found a one-way gate to the infinite horrors of the Abyss.
 19796 | Lair:3   | Killed Rudyous's ghost
 19878 | Lair:2   | Reached XP level 15. HP: 85/89 MP: 27/32
 20289 | Orc:1    | Entered Level 1 of the Orcish Mines
 20479 | Orc:2    | Entered Level 2 of the Orcish Mines
 21023 | Orc:2    | Gained mutation: You cannot voluntarily change form. [Ru
                  | sacrifice]
 21254 | Orc:2    | Reached skill level 5 in Polearms
 21647 | Orc:2    | Found Dekar's Magic Scroll Emporium.
 21707 | Orc:2    | Found Qoggef's General Store.
 22249 | Orc:2    | Paralysed by an orc sorcerer for 5 turns
 22544 | Orc:2    | Found Hischolo's Antique Armour Boutique.
 22544 | Orc:2    | Found Osutao's Jewellery Shop.
 22545 | Orc:2    | Found a one-way gate leading to the halls of Pandemonium.
 22635 | Orc:2    | Found a staircase to the Elven Halls.
 23030 | D:13     | Found Zist's Armour Boutique.
 23102 | D:13     | Bought a +0 helmet of intelligence for 172 gold pieces
 23108 | D:13     | Bought a +2 pair of boots for 247 gold pieces
 24368 | D:14     | Found a gate to the Vaults.
 24818 | D:14     | Reached skill level 10 in Polearms
 25144 | D:15     | Entered Level 15 of the Dungeon
 25167 | D:15     | Reached XP level 16. HP: 91/96 MP: 19/33
 25253 | D:15     | Noticed Roxanne
 25535 | D:15     | Reached skill level 10 in Fighting
 25972 | D:15     | Reached skill level 1 in Armour
 26055 | D:15     | Found a staircase to the Depths.
 26276 | D:15     | Identified the +10 quarterstaff of Zin {holy, rN+ Int+5}
 26321 | D:15     | Learned a level 5 spell: Lee's Rapid Deconstruction
 26478 | Shoals:1 | Entered Level 1 of the Shoals
 26489 | Shoals:1 | Found Etuapnu's Island Escapes.
 26514 | Shoals:1 | Reached skill level 1 in Earth Magic
 26554 | Shoals:1 | Reached skill level 2 in Earth Magic
 26646 | Shoals:1 | Reached skill level 3 in Earth Magic
 26717 | Shoals:1 | Reached skill level 4 in Earth Magic
 26796 | Shoals:1 | Found a runed translucent door.
 26798 | Shoals:1 | Noticed Onluw's ghost (adept DsWn)
 26815 | Shoals:1 | Noticed Mlioglotl
 26866 | Shoals:1 | Noticed a tentacled starspawn
 26869 | Shoals:1 | Noticed a kraken
 26871 | Shoals:1 | Reached skill level 5 in Earth Magic
 27088 | Shoals:1 | Killed Mlioglotl
 27089 | Shoals:1 | Reached skill level 6 in Earth Magic
 27106 | Shoals:1 | Killed a kraken
 27334 | Shoals:1 | Reached skill level 7 in Earth Magic
 27682 | Shoals:1 | Reached skill level 8 in Earth Magic
 27771 | Shoals:1 | Found the +2 hat of the Bear Spirit {Spirit, Bear, *Rage
                  | Will++}
 28064 | Shoals:2 | Noticed Polyphemus
 28364 | Shoals:2 | Noticed Ilsuiw
 28574 | Shoals:2 | Reached skill level 9 in Earth Magic
 28577 | Shoals:2 | Killed Polyphemus
 29009 | Shoals:2 | Reached skill level 10 in Earth Magic
 29280 | Shoals:2 | Found Exomuit's Weapon Boutique.
 29286 | Shoals:2 | Identified the serpent talisman "Mesezxa" {*Slow Int+8}
 29286 | Shoals:2 | Noticed Aizul
 29297 | Shoals:2 | Killed Aizul
 29507 | Shoals:2 | Killed Ilsuiw
 29508 | Shoals:2 | Reached skill level 11 in Earth Magic
 29970 | Shoals:3 | Gained mutation: You cannot be stealthy. [Ru sacrifice]
 30116 | Shoals:3 | Reached skill level 12 in Earth Magic
 30301 | Shoals:3 | Reached XP level 17. HP: 93/102 MP: 16/34
 30499 | Shoals:3 | Reached skill level 13 in Earth Magic
 30930 | Shoals:3 | Reached skill level 14 in Earth Magic
 31829 | Shoals:3 | Reached skill level 15 in Earth Magic
 32057 | Shoals:4 | Entered Level 4 of the Shoals
 32535 | Shoals:4 | Found a glowing golden altar of the Shining One.
 32835 | Shoals:4 | Identified the ring "Xextenobe" {+Blink Str+6 Stlth+}
 33996 | Shoals:4 | Found a white marble altar of Elyvilon.
 34074 | Shoals:4 | Reached XP level 18. HP: 106/107 MP: 29/35
 34372 | Shoals:4 | Found a glowing silver altar of Zin.
 34386 | Shoals:4 | Got a barnacled rune of Zot
 34573 | Shoals:1 | Killed Onluw's ghost
 34809 | Lair:4   | Killed BigPumpCobain's ghost
 35371 | D:15     | Killed Roxanne
 35576 | Spider:1 | Entered Level 1 of the Spider Nest
 36157 | Spider:1 | Reached skill level 1 in Shields
 36333 | Spider:1 | Noticed Jorgrun
 36341 | Spider:1 | Killed Jorgrun
 37714 | Spider:2 | Reached skill level 5 in Armour
 38743 | Spider:3 | Reached skill level 5 in Shields
 39159 | Spider:3 | Identified a scroll of acquirement
 39160 | Spider:3 | Acquired the ring "Riukko" {Wiz Dex+3}
 39328 | Spider:4 | Entered Level 4 of the Spider Nest
 39482 | Spider:4 | Reached XP level 19. HP: 116/116 MP: 15/36
 41985 | Spider:4 | Got a gossamer rune of Zot
 42499 | Elf:1    | Entered Level 1 of the Elven Halls
 42572 | Elf:1    | Found Hikutt's General Store.
 42593 | Elf:1    | Gained mutation: You have somewhat slow reflexes. (EV -5)
                  | [Ru sacrifice]
 42593 | Elf:1    | Reached ****** piety under Ru
 42594 | Elf:1    | Found Kaukluz's Assorted Antiques.
 42599 | Elf:1    | Bought a scroll of acquirement for 676 gold pieces
 42600 | Elf:1    | Acquired the ring "Kett" {rCorr Str+6 Slay+4}
 42612 | Elf:1    | Found Duclougg's Weapon Emporium.
 42985 | Elf:1    | Found Buyho's Armour Shoppe.
 43060 | Elf:1    | Found Idevi's Armour Boutique.
 43516 | Elf:1    | Noticed Kirke
 43529 | Elf:1    | Killed Kirke
 43842 | Elf:2    | Reached skill level 10 in Armour
 43955 | Elf:2    | Reached XP level 20. HP: 126/126 MP: 28/37
 44127 | Elf:2    | Found Cuetugge's General Store.
 44243 | Elf:2    | Found a runed translucent gate.
 44243 | Elf:2    | Found a runed translucent gate.
 44243 | Elf:2    | Found a runed translucent gate.
 45272 | Elf:3    | Entered Level 3 of the Elven Halls
 45633 | Elf:3    | Found Mynahinn's Antique Armour Shop.
 46576 | Elf:3    | Identified the staff of the Toadstool {rC+ rN+ Dex-2 Stlth+
                  | Necro}
 46721 | Elf:3    | Reached skill level 15 in Fighting
 46896 | Elf:3    | Noticed a Tzitzimitl
 47045 | Elf:3    | Identified the amulet of Jystrafo {Regen+ Dex+3}
 47155 | Elf:3    | Identified the staff "Xudaget" {rPois Int+3 Poison}
 47760 | D:2      | Bought a book of Annihilations for 720 gold pieces
 47770 | D:2      | Learned a level 9 spell: Shatter
 47982 | Vaults:1 | Entered Level 1 of the Vaults
 48097 | Vaults:1 | Found a glowing silver altar of Zin.
 48108 | Vaults:1 | Found a white marble altar of Elyvilon.
 48108 | Vaults:1 | Found a glowing golden altar of the Shining One.
 48109 | Vaults:1 | Found a crumbling gateway.
 48192 | Desolati | Entered the Desolation of Salt
 48394 | Desolati | Reached XP level 21. HP: 126/126 MP: 22/39
 48398 | Desolati | Reached skill level 15 in Spellcasting
 48533 | Desolati | Identified the ring of Koulequv {rElec rCorr MP+9 Str+4
                  | Slay-3}
 49086 | Desolati | Found the +3 warlock's mirror {omnireflect}
 49119 | Desolati | Identified the ring of Athroo {rC- rN+ MP-9 Str+6}
 49130 | Desolati | Identified the ring of Ru's Inspiration {rCorr Str+2 Dex+2}
 49320 | Desolati | Identified the +11 dire flail of Qualekaz {elec, rCorr
                  | Str+2}
 49352 | Desolati | Identified the ring "Imapyof" {rPois rN+ Will+ Int-4 Dex+2}
 49519 | Desolati | Identified the +5 sling of Instant Death {drain, *Corrode
                  | rC+ Str+4}
 49534 | Desolati | Identified the +1 dire flail "Engurit" {heavy, Fly}
 49538 | Desolati | Identified the +11 orcbow of Osuhulof {flame, rF+ rC+
                  | Stlth+}
 50815 | Vaults:2 | Noticed a bone dragon
 50831 | Vaults:2 | Killed a bone dragon
 51273 | Vaults:2 | Found Sikhay's Armour Emporium.
 51286 | Vaults:2 | Found Ushel's Assorted Antiques.
 51297 | Vaults:2 | Bought a pair of runed gloves for 292 gold pieces
 51782 | Vaults:2 | Found a staircase to the Crypt.
 51964 | Vaults:2 | Identified the ring of Sikijaar {rN+++ rCorr Int+6 SInv
                  | Stlth-}
 52043 | Vaults:2 | Reached XP level 22. HP: 140/140 MP: 41/44
 52048 | Vaults:2 | Reached skill level 16 in Earth Magic
 52190 | Vaults:2 | Identified the +1 robe "Dusoguent" {Str-3 Dex+3 Slay+2}
 52813 | Vaults:3 | Reached skill level 17 in Earth Magic
 53022 | Vaults:3 | Found Geditsi's Weapon Shop.
 53211 | Vaults:3 | You are sucked into a shaft and drop 1 floor!
 53328 | Vaults:4 | Reached skill level 18 in Earth Magic
 53879 | Vaults:4 | Reached skill level 19 in Earth Magic
 54382 | Vaults:4 | Found Itairema's Book Shop.
 54608 | Vaults:4 | Reached skill level 20 in Earth Magic
 55685 | Vaults:3 | Reached skill level 21 in Earth Magic
 55771 | Vaults:3 | Reached XP level 23. HP: 144/144 MP: 37/45
 56407 | Orc:2    | Bought a scroll of blinking for 105 gold pieces
 56407 | Orc:2    | Bought a scroll of blinking for 105 gold pieces
 56407 | Orc:2    | Bought a scroll of enchant weapon for 105 gold pieces
 56960 | Crypt:1  | Entered Level 1 of the Crypt
 56963 | Crypt:1  | Identified the ring of Itomam {Ice Slay+3}
 56963 | Crypt:1  | Noticed Josephina
 56965 | Crypt:1  | Killed Josephina
 57162 | Crypt:1  | Reached skill level 22 in Earth Magic
 57288 | Crypt:1  | Noticed Khufu
 57292 | Crypt:1  | Killed Khufu
 57433 | Crypt:1  | Noticed a royal mummy
 57437 | Crypt:1  | Killed a royal mummy
 58259 | Crypt:1  | Reached skill level 23 in Earth Magic
 58332 | Crypt:1  | Identified the +12 longbow "Goblin's Doom" {flame, Dex+2}
 58592 | Crypt:2  | Found a magical portal.
 58597 | WizLab   | Entered Borgnjor's Mausoleum
 59081 | WizLab   | Reached skill level 24 in Earth Magic
 60459 | Crypt:2  | Reached XP level 24. HP: 150/150 MP: 18/45
 60619 | Crypt:2  | Identified the +0 rapier of Prudence {drain, rF+ Str+2
                  | Int+4}
 60830 | Crypt:3  | Entered Level 3 of the Crypt
 60896 | Crypt:3  | Identified the +3 ring mail of Uwni {rElec rN+ Dex-5}
 61550 | Crypt:3  | Found a basalt altar of Yredelemnul.
 61582 | Crypt:3  | Reached skill level 25 in Earth Magic
 62085 | Crypt:3  | Got the Encyclopedia of the Amassed Oath
 62101 | Crypt:3  | Got the Compendium of the Mortuary
 62478 | Crypt:3  | Found a staircase to the Tomb.
 62808 | Crypt:3  | Identified the +3 leather armour of the Cooper {Rampage
                  | Dex+4 SInv}
 62862 | Tomb:1   | Entered Level 1 of the Tomb of the Ancients
 63381 | Tomb:1   | Noticed a royal mummy
 63397 | Tomb:1   | Killed a royal mummy
 63796 | Tomb:1   | Identified the +8 broad axe "Gargoyle's Foe" {protect,
                  | Int+2}
 63915 | Tomb:1   | Reached skill level 26 in Earth Magic
 64012 | Tomb:1   | Noticed a royal mummy
 64017 | Tomb:1   | Killed a royal mummy
 64133 | Tomb:1   | Noticed a royal mummy
 64137 | Tomb:1   | Killed a royal mummy
 64314 | Tomb:1   | Noticed a royal mummy
 64425 | Tomb:1   | Killed a royal mummy
 64583 | Tomb:1   | Noticed a royal mummy
 64593 | Tomb:1   | Killed a royal mummy
 65182 | Tomb:1   | Noticed a royal mummy
 65185 | Tomb:1   | Killed a royal mummy
 65318 | Tomb:1   | Noticed a royal mummy
 65322 | Tomb:1   | Killed a royal mummy
 65699 | Tomb:1   | Noticed a royal mummy
 65702 | Tomb:1   | Killed a royal mummy
 65777 | Tomb:1   | Noticed a royal mummy
 65781 | Tomb:1   | Killed a royal mummy
 65782 | Tomb:1   | Reached XP level 25. HP: 155/155 MP: 2/47
 65853 | Tomb:1   | Noticed a royal mummy
 65867 | Tomb:1   | Killed a royal mummy
 66116 | Tomb:1   | Noticed a royal mummy
 66116 | Tomb:1   | Noticed a royal mummy
 66118 | Tomb:1   | Killed a royal mummy
 66119 | Tomb:1   | Noticed a royal mummy
 66120 | Tomb:1   | Killed a royal mummy
 66121 | Tomb:1   | Reached skill level 27 in Earth Magic
 66131 | Tomb:1   | Noticed a royal mummy
 66137 | Tomb:1   | Killed a royal mummy
 66142 | Tomb:1   | Killed a royal mummy
 66188 | Tomb:1   | Noticed a royal mummy
 66198 | Tomb:1   | Noticed a royal mummy
 66315 | Tomb:1   | Killed a royal mummy
 66316 | Tomb:1   | Killed a royal mummy
 66316 | Tomb:1   | Noticed a royal mummy
 66317 | Tomb:1   | Noticed a royal mummy
 66430 | Tomb:1   | Killed a royal mummy
 66431 | Tomb:1   | Noticed a royal mummy
 66435 | Tomb:1   | Killed a royal mummy
 66576 | Tomb:1   | Killed a royal mummy
 66676 | Tomb:1   | Noticed a royal mummy
 66679 | Tomb:1   | Killed a royal mummy
 67512 | Depths:1 | Entered Level 1 of the Depths
 67696 | Depths:1 | Noticed Sojobo
 67716 | Depths:1 | Killed Sojobo
 68243 | Depths:1 | Found a portal to a secret trove of treasure.
 68302 | Depths:1 | You paid a toll of 6 scrolls of fog to enter a treasure
                  | trove
 68303 | Trove    | Entered a treasure trove
 68325 | Trove    | Identified the ring "Zacof" {Fire rCorr}
 68419 | Depths:1 | Identified the +0 pair of gloves of Rotini {Int+3}
 68422 | Depths:1 | Identified the +3 leather armour of Noughts and Crosses
                  | {rPois Regen+ Dex+3}
 68444 | Depths:1 | Noticed Mara
 68448 | Depths:1 | Killed Mara
 68703 | Depths:1 | Found a glowing golden altar of the Shining One.
 68805 | Depths:1 | Found a basalt altar of Yredelemnul.
 68859 | Depths:1 | Found a gateway to Hell.
 69378 | Depths:2 | Found a flickering gateway to a bazaar.
 69388 | Bazaar   | Entered a bazaar
 69469 | Bazaar   | Found Onorrec's Antique Armour Boutique.
 69483 | Bazaar   | Found Hahog's Weapon Shop.
 69511 | Bazaar   | Found Cijog's Antique Armour Shop.
 69525 | Bazaar   | Found Fearchab's Antique Armour Boutique.
 69539 | Bazaar   | Found Hiasm's Antique Armour Shop.
 69598 | Bazaar   | Bought a brightly glowing helmet for 304 gold pieces
 69598 | Bazaar   | Identified the +2 helmet "Yngo" {Rampage rCorr} (You bought
                  | it in a shop in a bazaar)
 69598 | Bazaar   | Bought a masterwork leather armour for 224 gold pieces
 69598 | Bazaar   | Identified the +0 leather armour of the Monkey {Contam
                  | Will+ Slay+3} (You bought it in a shop in a bazaar)
 69627 | Bazaar   | Bought a dazzling ring mail for 144 gold pieces
 69627 | Bazaar   | Identified the +0 ring mail "Ihucuck" {Int+2} (You bought
                  | it in a shop in a bazaar)
 69627 | Bazaar   | Bought a pair of glowing boots for 120 gold pieces
 69667 | Depths:2 | Got the Volume of Illusion and the Adder
 69955 | Depths:2 | Reached XP level 26. HP: 163/163 MP: 33/49
 70213 | Depths:2 | Noticed Louise
 70215 | Depths:2 | Killed Louise
 70222 | Depths:2 | Reached skill level 15 in Invocations
 70236 | Depths:2 | Found a one-way gateway to a ziggurat.
 70498 | Depths:2 | Learned a level 5 spell: Borgnjor's Vile Clutch
 70719 | Depths:3 | Identified the +1 robe of Fed Qic {Dex+3}
 71076 | Depths:3 | You are sucked into a shaft and drop 1 floor!
 71076 | Depths:4 | Entered Level 4 of the Depths
 71738 | Depths:3 | Found Saqibu's Weapon Shop.
 72028 | Depths:4 | Noticed a juggernaut
 72030 | Depths:4 | Killed a juggernaut
 72257 | Depths:4 | Found a gate to the Realm of Zot.
 72922 | D:15     | Acquired the orb of Complete Protection {*channel, rElec
                  | Int+6 Slay-4 Stlth+}
 73090 | Vaults:5 | Entered Level 5 of the Vaults
 73179 | Vaults:5 | Noticed an ancient lich
 73182 | Vaults:5 | Killed an ancient lich
 73183 | Vaults:5 | Reached XP level 27. HP: 166/176 MP: 14/49
 73246 | Vaults:5 | Noticed a dread lich
 73402 | Vaults:5 | Killed a dread lich
 73527 | Vaults:5 | Noticed a dread lich
 73529 | Vaults:5 | Killed a dread lich
 73683 | Vaults:5 | Reached skill level 1 in Conjurations
 73828 | Vaults:5 | Got the Tome of the Sixfirhy and Immolation
 73901 | Vaults:5 | Reached skill level 5 in Conjurations
 74150 | Vaults:5 | Identified the +0 gold dragon scales of Qahey {rElec rPois
                  | rF+ rC+ Str-2 SInv}
 74167 | Vaults:5 | Noticed an ancient lich
 74171 | Vaults:5 | Killed an ancient lich
 74255 | Vaults:5 | Got a silver rune of Zot
 74855 | Vaults:5 | Learned a level 8 spell: Lehudib's Crystal Spear
 75176 | D:2      | Bought a book of Alchemy for 336 gold pieces
 75182 | D:2      | Learned a level 5 spell: Irradiate
 75468 | Zot:1    | Entered Level 1 of the Realm of Zot
 75552 | Zot:1    | Reached skill level 10 in Conjurations
 76101 | Zot:1    | Noticed an orb of fire
 76448 | Zot:2    | Identified the +0 buckler of Hedonism {Will+ Int+3}
 76785 | Zot:2    | Noticed an orb of fire
 76788 | Zot:2    | Killed an orb of fire
 76855 | Zot:2    | Found a runed translucent door.
 76855 | Zot:2    | Found a shimmering altar of Xom.
 76855 | Zot:2    | Identified the +8 scimitar of the Badger {chaos, Fragile
                  | +Blink rPois Will+++}
 76855 | Zot:2    | Noticed Deah Kuhairgh's ghost (legendary GnIE)
 76962 | Zot:2    | Reached skill level 15 in Conjurations
 77111 | Zot:2    | Identified the +7 short sword of Cuol Atu {pain, rPois}
 77418 | Zot:2    | Identified the +8 great sword "Ox" {heavy, Str+3 Dex+2}
 77856 | Zot:2    | Identified the staff of Jippioho {rPois rF+ rC+ Dex-4
                  | Earth}
 78572 | Zot:3    | Got the Exposition on Formation and Portals
 80465 | Zot:5    | Entered Level 5 of the Realm of Zot
 81368 | Zot:5    | Noticed an orb of fire
 81371 | Zot:5    | Noticed an ancient lich
 81376 | Zot:5    | Killed an orb of fire
 81377 | Zot:5    | Killed an ancient lich
 81567 | Zot:5    | Noticed an orb of fire
 81573 | Zot:5    | Killed an orb of fire
 81637 | Zot:5    | Noticed an orb of fire
 81641 | Zot:5    | Killed an orb of fire
 81762 | Zot:5    | Noticed an orb of fire
 81776 | Zot:5    | Killed an orb of fire
 81918 | Zot:5    | Noticed a dread lich
 81923 | Zot:5    | Killed a dread lich
 81926 | Zot:5    | Noticed an ancient lich
 81935 | Zot:5    | Killed an ancient lich
 82006 | Zot:5    | Noticed an ancient lich
 82050 | Zot:5    | Killed an ancient lich
 82055 | Zot:5    | Noticed an orb of fire
 82140 | Zot:5    | Killed an orb of fire
 82311 | Zot:5    | Noticed an orb of fire
 82313 | Zot:5    | Noticed an orb of fire
 82315 | Zot:5    | Noticed an orb of fire
 82316 | Zot:5    | Killed an orb of fire
 82316 | Zot:5    | Noticed an orb of fire
 82322 | Zot:5    | Killed an orb of fire
 82322 | Zot:5    | Killed an orb of fire
 82389 | Zot:5    | Noticed an orb of fire
 82392 | Zot:5    | Killed an orb of fire
 82397 | Zot:5    | Killed an orb of fire
 83014 | Zot:5    | Got the Orb of Zot
 83292 | D:14     | Noticed Xeuschu the pandemonium lord
 83292 | D:14     | Noticed an ancient lich
 83480 | D:1      | Noticed Asatuty the pandemonium lord
 83483 | D:1      | Killed Asatuty the pandemonium lord
 83507 | D:$      | Escaped with the Orb!

Illustrated notes

Levels and vault maps discovered:
D:1:      grunt_arrival_crossed_arrows, layout_basic
D:2:      layout_basic, serial_shops, nicolae_shop_hallway_plus,
          chequers_serial_rivers_marsh
D:3:      layout_loops_corners, mainiacjoe_overflow_cross_hatched,
          grunt_dithmenos_smoke, dreamdust_ecumenical_altar_hidden_monk_grotto,
          nicolae_eternal_life, minmay_box_of_dots
D:4:      layout_basic, amcnicky_altar_gilded, minmay_temple_entry_poolview,
          amcnicky_mini_rare_corridor_liquid
D:5:      layout_basic, marbit_many_paths, minmay_fractal_squares_5,
          uniq_menkaure
D:6:      layout_basic, nzn_wu_jian_contemplation,
          nicolae_ru_great_annihilating_truth, dancing_weapons_uskayaw,
          mainiacjoe_overflow_six_doors_small, serial_shops,
          nicolae_shop_advertising_works [nicolae_subvault_shop_adworks]
D:7:      layout_basic, mainiacjoe_overflow_boulevard, bloody_trog,
          uniq_jeremiah, uniq_crazy_yiuf_cottage
D:8:      layout_basic, mainiacjoe_overflow_concentric_impassable,
          okawaru_metal_pillars_1_2, uniq_maggie
D:9:      layout_cave_pods, overflow_temple_1_default, zombieorc1_lemuel,
          hangedman_feature_mirror, uniq_maurice
D:10:     layout_loops_ring, lemuel_round_altar, kennysheep_cross_room,
          uniq_grum
D:11:     layout_loops_corners, dpeg_oklobed_lair, uniq_gastronok, uniq_erica,
          uniq_urug
D:12:     layout_roguey, minmay_beelzebubs_servants
D:13:     layout_cave_pools, serial_shops, nicolae_shop_window_shopping,
          hangedman_fish_farm
D:14:     layout_basic, erik_vaults_1, corexii_leaking_fountain,
          nicolae_splish_splash, uniq_frances
D:15:     hangedman_depths_entry_civil_slaughter, layout_stronghold,
          nicolae_concentric_dashed_squares_mild, minmay_diamond_spiral,
          uniq_roxanne
Lair:1:   layout_loops_ring, infiniplex_staircase_pool, lemuel_fruit_tree
Lair:2:   nzn_winding_woodlands_cross [nzn_winding_woodlands_5x15_zeroes,
          nzn_winding_woodlands_5x15_longhouse,
          nzn_winding_woodlands_5x15_twine, nzn_winding_woodlands_5x15_crooked,
          nzn_winding_woodlands_15x15_eel_pit], layout_small_grid,
          elwin_shoals_entry_rocks, st_stairs_6, infiniplex_staircase_pool_2
Lair:3:   layout_small_grid, hellmonk_spider_entry_not_the_bees,
          gammafunk_ghost_ooze, uniq_amaemon
Lair:4:   layout_cave_shapes, minmay_slime_entry_pillars,
          gammafunk_ghost_berserking_beasts, minivault_19, uniq_nessos
Lair:5:   hellmonk_lair_end_abyssal_woods, layout_cave_shapes, st_stairs_4,
          grunt_megastairs_2
Shoals:1: layout_shoals, ebering_ghost_inner_flame, nicolae_island_escapes,
          uniq_mlioglotl
Shoals:2: layout_shoals, serial_shops, nicolae_shop_real_fake_doors, uniq_aizul,
          uniq_ilsuiw, uniq_polyphemus
Shoals:3: layout_shoals, nicolae_shoals_sun_and_surf
Shoals:4: shoals_end_hellmonk_holy_island
Spider:1: layout_spider_delve, hangedman_spider_tarantella_strand, uniq_jorgrun
Spider:2: layout_spider_delve
Spider:3: layout_cave_pods, drop_trap
Spider:4: hellmonk_spider_rune_bug_friends
Orc:1:    layout_caves, basic_altar
Orc:2:    pf_orc_diabolical, layout_diamond_mine
Elf:1:    elf_arrival_001, layout_loops_ring, serial_shops, nicolae_shop_stone,
          nicolae_shop_stone, nicolae_shop_hallway_stairs, shop, shop,
          hangedman_elven_crosses_minicolossus, amcnicky_mini_corridor_feature,
          uniq_kirke
Elf:2:    nicolae_elf_blades_splatter_lattice [nicolae_blade_entry_pointy_end],
          layout_loops_ring, serial_shops, nicolae_shop_tiny_glass
Elf:3:    minmay_elf_hall_curves, layout_geoelf_octagon, serial_shops, shop,
          guppyfry_elf_garden
Vaults:1: portal_desolation_entry_holy_temple,
          nicolae_vaults_network_quinsquares
          [nicolae_vaults_network_quincunx_subvault,
          nicolae_vaults_network_quincunx_subvault,
          nicolae_vaults_network_quincunx_subvault,
          nicolae_vaults_network_quincunx_subvault],
          nicolae_vaults_offset_grid_hallway_3, nicolae_vaults_network_barrier,
          nicolae_vaults_rhombus_6, nicolae_vaults_tangram_1,
          vaults_room_large_hall, nicolae_vaults_trapezoid_lopsided_1,
          layout_vaults_quadrants
Vaults:2: hangedman_vaults_slice, nicolae_vaults_storage_closets_1,
          nicolae_vaults_windows_and_doors_thing,
          minmay_crypt_entry_nasty_monster, v_alt_pattern_4,
          nicolae_vaults_loss_of_containment, nicolae_vaults_house_1,
          vaults_mumra_hex, nicolae_vaults_diagonal_hallway_7,
          vaults_dpeg_emergency_exit, layout_vaults_chaotic_city, serial_shops,
          shop, shop_coins, uniq_margery
Vaults:3: st_smaller_cells, nicolae_vaults_house_3, nicolae_vaults_spaceships,
          dpeg_vaults_monster_row, nicolae_vaults_triangles, v_pattern_1,
          v_misc_12, vaults_dpeg_ring, v_misc_22, v_rooms_6,
          nicolae_vaults_house_1, layout_vaults_maze_snakey, serial_shops,
          nicolae_shop_tiny_statue_garden
Vaults:4: st_octagons_1, nicolae_vaults_little_squares_4, v_misc_8,
          hangedman_vaults_variations, nicolae_vaults_heart-shaped_vault,
          nicolae_vaults_storage_closets_2, nicolae_vaults_tetromino_Z_2,
          nicolae_vaults_closet_pinwheel_4, vaults_standard_mumra_lines,
          vaults_mumra_lcd, nicolae_vaults_diamond_1, layout_vaults_ring,
          serial_shops, shop
Vaults:5
Crypt:1:  layout_misc_corridors, beargit_elvish_explorers, uniq_khufu,
          uniq_josephina
Crypt:2:  nicolae_crypt_knochenhaus, layout_misc_corridors, mu_enter_wizlab_1
Crypt:3:  evilmike_haunted_forest
Tomb:1
Depths:1: nicolae_terramorphic_expanse [nicolae_terramorphic_quarter,
          nicolae_terramorphic_quarter, nicolae_terramorphic_quarter,
          nicolae_terramorphic_quarter, nicolae_terramorphic_quarter,
          nicolae_terramorphic_biome, nicolae_terramorphic_biome,
          nicolae_terramorphic_biome, nicolae_terramorphic_biome],
          layout_gridville, tso_altar, enter_trove_6, grunt_pan_entry_zigzag,
          abyss_entry, grunt_metal_band, statue_in_the_mist_lemuel,
          yredelemnul_altar_generic, uniq_sojobo, uniq_mara
Depths:2: minmay_blocking_statues, layout_gridlike, enter_ziggurat_a,
          grunt_hell_entry_dis_grunt, nicolae_abyss_entry_one_way_or_another,
          serial_shops, bzr_firewalk, pan_entry
Depths:3: grunt_x_marks_the_spot, layout_cave_pools, abyss_entry_crystal,
          serial_shops, shop, pf_coc_iceberg, hangedman_decor_diamond_cutter
Depths:4: grunt_zot_entry_tricorne, layout_cave_pools, hell_entry,
          ebering_dispersal_statue_hall, lemuel_freeze_loot_1,
          grunt_megastairs_4
Zot:1:    layout_basic, regret_index_zotdec_stipple_waver,
          st_small_dragon_hoard_5, nrook_zot_tub
Zot:2:    kennysheep_oblong_rooms, layout_twisted_circle, ebering_ghost_xom
Zot:3:    layout_basic
Zot:4:    layout_onion_interference, regret_index_zotdec_twisting_globes
Zot:5:    layout_concentric_octagons, st_stairs_12

Skill      XL: |  1  2  3  4  5  6  7  8  9 10 11 12 13 14 15 16 17 18 19 20 21 22 23 24 25 26 27 |
---------------+----------------------------------------------------------------------------------+-----
Spellcasting   | 3 4 5 8 9 10 11 13 14 18 20 22 23 | 23.4
Summonings     | 1 3 4 5 7 8 9 10 12 13 15 16 | 16.0
Fighting       | 5 7 8 9 10 11 13 15 18 22 | 22.3
Invocations    | 7 8 11 14 18 20 | 20.0
Translocations | 4 5 |  5.0
Polearms       | 4 10 12 14 | 14.0
Armour         | 3 7 10 | 10.0
Earth Magic    | 12 15 21 24 26 27 | 27.0
Stealth        | 0 |  0.0
Shields        | 6 8 9 |  9.3
Conjurations   | 18 | 18.8
Transmutations | |  1.5
Fire Magic     | |  2.0

Action                     |  1- 3 |  4- 6 |  7- 9 | 10-12 | 13-15 | 16-18 | 19-21 | 22-24 | 25-27 || total
---------------------------+-------+-------+-------+-------+-------+-------+-------+-------+-------++-------
  Melee: Short sword       |    18 |    33 |   140 |       |       |       |       |       |       ||   191
         Punch             |       |     1 |     2 |     1 |     6 |     4 |       |       |       ||    14
         Mace              |       |     8 |       |     1 |     1 |       |       |       |       ||    10
         Halberd           |       |       |     5 |   230 |       |       |       |       |       ||   235
         Dagger            |       |       |       |     4 |       |       |       |       |       ||     4
         Demon trident     |       |       |       |    31 |   511 |   744 |  1023 |   521 |   826 ||  3656
         Trident           |       |       |       |       |   106 |       |       |       |       ||   106
         Trishula          |       |       |       |       |       |       |       |  1019 |    32 ||  1051
         Staff             |       |       |       |       |       |       |       |    69 |    36 ||   105
   Fire: Sling             |       |    23 |    20 |       |       |       |       |       |       ||    43
   Cast: Foxfire           |    50 |    55 |     6 |       |       |       |       |       |       ||   111
         Call Canine Famil |       |     5 |    36 |    70 |    99 |     8 |     4 |       |       ||   222
         Summon Guardian G |       |       |    18 |    29 |    19 |     3 |       |       |       ||    69
         Sting             |       |       |     1 |       |       |       |       |       |       ||     1
         Summon Forest     |       |       |       |    16 |    69 |    64 |    13 |     9 |    15 ||   186
         Summon Hydra      |       |       |       |       |    36 |   190 |   140 |    36 |    31 ||   433
         Lee's Rapid Decon |       |       |       |       |       |     7 |       |     7 |       ||    14
         Shatter           |       |       |       |       |       |       |       |   125 |   244 ||   369
         Lehudib's Crystal |       |       |       |       |       |       |       |       |    26 ||    26
         Irradiate         |       |       |       |       |       |       |       |       |     7 ||     7
         Borgnjor's Vile C |       |       |       |       |       |       |       |       |     2 ||     2
 Invoke: Sacrifice Artific |       |       |     1 |       |       |       |       |       |       ||     1
         Draw Out Power    |       |       |       |     2 |       |     6 |     2 |     2 |     5 ||    17
         Sacrifice Nimblen |       |       |       |     1 |       |       |       |       |       ||     1
         Sacrifice Essence |       |       |       |     1 |       |       |       |       |       ||     1
         Power Leap        |       |       |       |       |     2 |     1 |     4 |     2 |     1 ||    10
         Reject Sacrifices |       |       |       |       |     2 |     1 |       |       |       ||     3
         Sacrifice Forms   |       |       |       |       |     1 |       |       |       |       ||     1
         Sacrifice Stealth |       |       |       |       |       |     1 |       |       |       ||     1
         Apocalypse        |       |       |       |       |       |       |     2 |       |     4 ||     6
         Sacrifice Health  |       |       |       |       |       |       |     1 |       |       ||     1
    Use: Scroll            |     3 |     3 |     4 |    13 |    13 |     8 |     4 |     6 |     6 ||    60
         Potion            |       |       |       |     1 |       |     4 |     1 |       |     4 ||    10
   Stab: Distracted        |       |     1 |       |     4 |    11 |    11 |    16 |    23 |    20 ||    86
         Paralysed         |       |     1 |       |       |       |     2 |     7 |     1 |     2 ||    13
         Sleeping          |       |       |       |     7 |     2 |       |       |       |       ||     9
         Invisible         |       |       |       |       |       |     3 |     3 |    14 |     8 ||    28
 Armour: Robe              |    23 |    49 |   130 |    20 |       |       |       |       |       ||   222
         Steam dragon scal |       |       |       |   191 |   322 |   538 |   555 |   969 |   410 ||  2985
         Animal skin       |       |       |       |       |       |       |       |       |   344 ||   344
  Dodge: Dodged            |     9 |    47 |    84 |   178 |   344 |   413 |   245 |   218 |   231 ||  1769
  Block: Buckler           |       |       |       |       |       |    37 |   132 |   402 |   213 ||   784
         Reflection        |       |       |       |       |       |       |    11 |    31 |    38 ||    80

Table legend: (Time is in decaauts)
 A = Elapsed time spent in this place.
 B = Non-inter-level travel time spent in this place.
 C = Inter-level travel time spent in this place.
 D = Time resting spent in this place.
 E = Time spent auto-exploring this place.
 F = Levels seen in this place.
 G = Mean time per level.
                   A        B        C        D        E       F      G
               +--------+--------+--------+--------+--------+-----+--------+
         Total |  84197 |  76168 |   8029 |   7364 |  48309 |  55 | 1530.9 |
       Dungeon |  19793 |  16047 |   3746 |    591 |  11200 |  15 | 1319.5 |
          Lair |   7110 |   6218 |    892 |    460 |   3975 |   5 | 1422.0 |
        Shoals |   8311 |   7974 |    337 |   1180 |   4693 |   4 | 2077.8 |
   Spider Nest |   6751 |   6494 |    257 |    103 |   5103 |   4 | 1687.8 |
  Orcish Mines |   2816 |   2330 |    486 |     13 |   1643 |   2 | 1408.0 |
   Elven Halls |   5295 |   4823 |    472 |      6 |   3526 |   3 | 1765.0 |
        Vaults |   9339 |   8598 |    741 |    938 |   5721 |   5 | 1867.8 |
         Crypt |   5834 |   5580 |    254 |   1289 |   2867 |   3 | 1944.7 |
          Tomb |   3220 |   2986 |    234 |    843 |    985 |   1 | 3220.0 |
        Depths |   5338 |   4992 |    346 |    465 |   3028 |   4 | 1334.5 |
           Zot |   7638 |   7379 |    259 |   1213 |   4414 |   5 | 1527.6 |
        Bazaar |    265 |    265 |      0 |      0 |    165 |   1 |  265.0 |
         Trove |     47 |     47 |      0 |      0 |     14 |   1 |   47.0 |
        Wizlab |    992 |    992 |      0 |     61 |    512 |   1 |  992.0 |
    Desolation |   1442 |   1442 |      0 |    199 |    459 |   1 | 1442.0 |
               +--------+--------+--------+--------+--------+-----+--------+

Top non-repeatable levels by time:
Shoals:3: 3392 daAuts
 Crypt:3: 3295 daAuts
  Tomb:1: 3220 daAuts
Spider:4: 2772 daAuts
Vaults:4: 2511 daAuts
Vaults:2: 2506 daAuts
   Elf:3: 2331 daAuts
   Orc:2: 2214 daAuts
    D:14: 1890 daAuts
  Lair:2: 1867 daAuts
   Zot:2: 1848 daAuts
   Zot:5: 1842 daAuts
Shoals:2: 1763 daAuts
Shoals:1: 1733 daAuts
     D:9: 1732 daAuts
